AoeStats
← Invictus SPQR

Nomad

509658804Analyzed
2v2 RM · 6d ago on Sep 27, 2026· 54m 7s· 4 players
Game mode
Random Map
Map size
176×176
Population
200
Speed
Normal
Resources
Standard
Victory
Conquest
Starting age
Dark Age
Ending age
Imperial Age
RankedLock teamsTeams togetherTeam positionsShared explorationLock speedFull tech treeHidden civsTurbo modeCheats
Victory
Defeat
🇩🇪 Celts · Germany
1456
+14
🇩🇪 Koreans · Germany
1440
+14
🇩🇪 Japanese · Germany
1458
-16
🇩🇪 Bengalis · Germany
1350
-12
Invictus SPQR
4:23 Loom
13:39 Feudal Age
15:07 Double-Bit Axe
18:13 Castle Age
17:55 Fishing Lines
21:03 Bow Saw
21:18 Gillnets
22:02 Fletching
22:11 Town Watch
23:01 Wheelbarrow
24:03 Bodkin Arrow
25:09 Devotion
28:44 Horse Collar
31:54 Sanctity
31:58 Atonement
32:11 Fervor
33:43 Redemption
33:34 Gold Mining
35:51 Bloodlines
35:41 Husbandry
35:54 Scale Barding Armor
36:00 Forging
37:09 Hand Cart
36:58 Heavy Plow
37:02 Light Cavalry
38:10 Padded Archer Armor
38:42 Elite Skirmisher
39:51 Chain Barding Armor
39:47 Leather Archer Armor
40:08 Iron Casting
41:19 Ballistics
47:03 Imperial Age
48:14 Ring Archer Armor
47:45 Bracer
48:41 Bracer
52:37 Conscription
sunSmit
4:41 Loom
12:34 Feudal Age
13:04 Double-Bit Axe
16:49 Fletching
17:58 Padded Archer Armor
25:44 Castle Age
24:05 Town Watch
26:41 Bow Saw
26:12 Horse Collar
26:23 Gold Mining
28:11 Wheelbarrow
28:15 Stone Mining
33:03 Hand Cart
33:35 Redemption
36:49 Sanctity
37:03 Fishing Lines
38:11 Bodkin Arrow
40:42 Guard Tower
41:24 Heavy Plow
46:46 Imperial Age
45:37 Scale Mail Armor
45:47 Forging
46:15 Gold Shaft Mining
46:48 Chain Mail Armor
47:56 Conscription
47:26 Capped Ram
50:21 Plate Mail Armor
50:27 Iron Casting
50:18 Fervor
50:46 Elite Samurai
aswjegk
11:38 Feudal Age
12:37 Double-Bit Axe
17:19 Castle Age
16:02 Stone Mining
16:49 Gold Mining
16:46 Horse Collar
18:48 Heavy Plow
18:52 Town Watch
29:03 Bow Saw
30:01 Wheelbarrow
33:08 Imperial Age
31:05 Loom
31:36 Fletching
32:29 Bodkin Arrow
32:37 Crossbowman
33:22 Thumb Ring
33:30 Gold Mining
33:55 Bracer
33:42 Arbalester
34:38 Arrowslits
35:16 Conscription
35:44 Stone Shaft Mining
35:49 Masonry
36:35 Hand Cart
37:10 Ballistics
39:08 Chemistry
39:42 Two-Man Saw
39:47 Forging
39:41 Eupseong
41:25 Iron Casting
40:50 Scale Mail Armor
41:33 Pikeman
42:24 Squires
42:10 Halberdier
44:03 Chain Mail Armor
46:10 Fortified Wall
46:45 Plate Mail Armor
47:31 Arson
49:13 Architecture
50:28 Elite Fire Lancer
51:34 Siege Engineers
51:38 Scale Barding Armor
Timmeeey
12:25 Feudal Age
16:29 Wheelbarrow
16:03 Loom
20:07 Castle Age
18:22 Town Watch
21:56 Double-Bit Axe
24:45 Sanctity
32:57 Horse Collar
34:05 Heavy Plow
35:21 Hand Cart
41:40 Fishing Lines
46:41 Imperial Age
44:04 Gillnets
43:38 Pikeman
43:42 Man-at-Arms
44:07 Gambesons
47:37 Imperial Age
45:46 Bow Saw
45:03 Long Swordsman
45:44 Scale Mail Armor
46:47 Chain Mail Armor
47:29 Forging
48:18 Two-Handed Swordsman
49:29 Plate Mail Armor
50:02 Iron Casting
49:10 Champion
50:43 Arson
52:24 Blast Furnace
51:58 Gold Mining
51:37 Capped Ram
52:47 Siege Ram
53:49 Devotion
54:36 Siege Engineers
54:46 Masonry
Connection lost

Rejoining the realm…

Still unreachable

The connection could not be restored.

Session expired

The server has moved on; the page needs a fresh start.